 Dungeon Crawl Stone Soup version 0.27.1-33-g824d729ab1 (webtiles) character file.

Game seed: 13574204120682550989

2178 alasdair19 the Covered (level 9, -2/75 HPs)
             Began as a Minotaur Fighter on Dec 6, 2021.
             Was a Priest of Okawaru.
             Killed from afar by a gargoyle (9 damage)
             ... with a stone arrow
             ... on level 7 of the Dungeon.
             The game lasted 00:17:37 (7660 turns).

alasdair19 the Covered (Minotaur Fighter)           Turns: 7660, Time: 00:17:37

Health: -2/75      AC: 17    Str: 22    XL:     9   Next: 11%
Magic:  8/10       EV:  8    Int:  6    God:    Okawaru [***...]
Gold:   272        SH: 13    Dex: 11    Spells: 8/8 levels left

rFire    . . .     SeeInvis .   a - +0 long sword
rCold    . . .     Faith    .   c - +0 kite shield
rNeg     . . .     Spirit   .   m - +0 plate armour
rPois    .         Reflect  .   (helmet restricted)
rElec    .         Harm     .   (no cloak)
rCorr    .         Rampage  .   (no gloves)
Will     .....                  q - +0 pair of boots
Stlth    ..........             (no amulet)
HPRegen  0.22/turn              (no ring)
MPRegen  0.12/turn              (no ring)

@: heroic
A: horns 2, retaliatory headbutt
a: Renounce Religion, Heroism


You were on level 7 of the Dungeon.
You worshipped Okawaru.
Okawaru was most pleased with you.
You visited 1 branch of the dungeon, and saw 7 of its levels.

You collected 272 gold pieces.

Inventory:

Hand Weapons
 a - a +0 long sword (weapon)
Missiles
 h - 4 atropa-tipped darts
 z - 8 javelins (quivered)
 D - a throwing net
Armour
 c - a +0 kite shield (worn)
 m - a +0 plate armour (worn)
 q - a +0 pair of boots (worn)
Wands
 g - a wand of flame (41)
 i - a wand of mindburst (9)
 r - a wand of polymorph (12)
 y - a wand of iceblast (6)
 A - a wand of acid (10)
 F - a wand of digging (5)
Scrolls
 d - a scroll of brand weapon {unknown}
 e - a scroll of summoning
 f - 2 scrolls of teleportation {unknown}
 j - a scroll of enchant weapon {unknown}
 k - a scroll of enchant armour
 o - 2 scrolls of magic mapping
 w - a scroll of vulnerability {unknown}
 x - a scroll of torment {unknown}
 B - a scroll of amnesia {unknown}
 E - a scroll of identify
Potions
 b - 2 potions of curing
 l - a potion of magic
 n - a potion of ambrosia
 p - 2 potions of cancellation
 s - a potion of brilliance {unknown}
 t - a potion of lignification
 u - 2 potions of heal wounds {unknown}
 v - 2 potions of mutation {unknown}
 C - 2 potions of haste {unknown}


   Skills:
 + Level 5.8(10.8) Fighting
 + Level 7.0(12.0) Long Blades
 + Level 4.2(9.2) Throwing
 + Level 7.6(12.6) Armour
 + Level 7.3(12.3) Shields
 * Level 3.4 Invocations
 + Level 2.0 Evocations


You had 8 spell levels left.
You didn't know any spells.
Your spell library contained the following spells:

 Spells                   Type           Power      Damage    Failure   Level
 Sublimation of Blood     Necr           0%         N/A       100%        2
 Wereblood                Tmut           0%         N/A       100%        2
 Call Canine Familiar     Summ           0%         N/A       100%        3
 Portal Projectile        Hex/Tloc       0%         N/A       100%        3
 Airstrike                Air            0%         N/A       100%        4
 Cause Fear               Hex            0%         N/A       100%        4
 Leda's Liquefaction      Hex/Erth       0%         N/A       100%        4
 Summon Lightning Spire   Summ/Air       0%         N/A       100%        4
 Lightning Bolt           Conj/Air       0%         1d11      100%        5
 Dragon Form              Tmut           0%         N/A       100%        7
 Summon Hydra             Summ           0%         N/A       100%        7
 Dragon's Call            Summ           0%         N/A       100%        9


Dungeon Overview and Level Annotations

Branches:
Dungeon (7/15)             Temple (0/1) D:5

Altars:
Dithmenos
Elyvilon
Kikubaaqudgha
Okawaru
Trog
Vehumet


Innate Abilities, Weirdness & Mutations

You have a pair of horns on your head.
You reflexively headbutt those who attack you in melee.


Message History

The killer bee zombie hits you but does no damage.
The steam dragon bites you. The steam dragon completely misses you.
You closely miss the steam dragon.
The killer bee zombie barely misses you.
The killer bee zombie hits you but does no damage.
The steam dragon breathes steam at you. The ball of steam hits you!
The killer bee zombie hits you.
You hit the steam dragon.
The steam dragon is moderately wounded.
You are engulfed in a cloud of scalding steam.
You block the killer bee zombie's attack.
You block the steam dragon's attack.
The steam dragon claws you but does no damage.
The killer bee zombie hits you but does no damage.
The killer bee zombie hits you.
You gain the combat prowess of a mighty hero.
You slash the killer bee zombie! You headbutt the killer bee zombie.
You destroy the killer bee zombie!
Okawaru accepts your kill. You block the steam dragon's attack. x2
You hit the steam dragon.
The steam dragon is moderately wounded.
You block the steam dragon's attack. x2
The gargoyle hits you with a +1 vorpal morningstar!!
* * * LOW HITPOINT WARNING * * *
You hit the steam dragon.
The steam dragon is heavily wounded.
The steam dragon barely misses you.
You riposte.
You slash the steam dragon! You headbutt the steam dragon.
You kill the steam dragon!
Okawaru accepts your kill. The gargoyle closely misses you.
Your base Long Blades skill increases to level 7!
You hit the gargoyle but do no damage.
You headbutt the gargoyle, but do no damage.
The gargoyle hits you with a +1 vorpal morningstar!
* * * LOW HITPOINT WARNING * * *
x2 The gargoyle hurls a stone arrow at you.
The stone arrow hits you!
You die...

#.........#....
#.........# #...#
#...##....#
#...###...##....#
#.........##....#
#.........#.....#
#.........'.....#
#...########....#
#...##....#######
#..@......##
#..........#
#.9†##.....#
#...##.....#
#..........#
#..........#
#..........#
#...####'###
##### ....


You could see a gargoyle.

Vanquished Creatures
  A kobold demonologist (D:5)
  A troll (D:6)
  Eustachio (D:6)
  A steam dragon (D:7)
  2 water moccasins (D:6)
  2 necrophages
  An ice beast (D:6)
  An ogre (D:6)
  3 scorpions
  A water moccasin zombie (D:5)
  A wyvern skeleton (D:6)
  A howler monkey (D:5)
  A hound (D:6)
  2 orc priests (D:4)
  Natasha (D:3)
  An iguana (D:6)
  4 orc wizards
  A killer bee zombie (D:7)
  A hound zombie (D:5)
  A hound skeleton (D:4)
  Robin (D:2)
  7 adders
  4 gnolls (D:6)
  A shadow imp (D:6)
  A white imp (D:6)
  An ufetubus (D:6)
  2 worms
  4 dart slugs
  21 orcs
  4 ball pythons
  3 bats
  A bat zombie (D:4)
  5 endoplasms
  4 giant cockroaches
  14 goblins
  7 hobgoblins
  3 jackals (D:4)
  16 kobolds
  3 quokkas
  3 frilled lizards
  A quokka skeleton (D:4)
  6 rats
  3 rat zombies (D:4)
143 creatures vanquished.

Notes
Turn   | Place    | Note
-------+----------+-------------------------------------------
     0 | D:1      | alasdair19 the Minotaur Fighter began the quest for the
                  | Orb.
     0 | D:1      | Reached XP level 1. HP: 19/19 MP: 0/0
   293 | D:1      | Reached XP level 2. HP: 25/27 MP: 1/1
   933 | D:2      | Found an iron altar of Okawaru.
   938 | D:2      | Became a worshipper of Warmaster Okawaru
   949 | D:2      | Reached XP level 3. HP: 28/33 MP: 2/2
  1019 | D:2      | Found a faded altar of an unknown god.
  1196 | D:2      | Noticed Robin
  1242 | D:2      | Killed Robin
  1802 | D:2      | Reached XP level 4. HP: 40/40 MP: 3/3
  1828 | D:3      | Reached skill level 1 in Throwing
  2018 | D:3      | Found a bloodstained altar of Trog.
  2122 | D:2      | Reached XP level 5. HP: 13/46 MP: 4/4
  2984 | D:3      | Noticed Natasha
  2992 | D:3      | Killed Natasha
  2992 | D:3      | Reached * piety under Okawaru
  3353 | D:4      | Noticed a necrophage
  3365 | D:4      | Killed a necrophage
  3366 | D:4      | Reached skill level 5 in Armour
  3366 | D:4      | Reached XP level 6. HP: 38/53 MP: 5/5
  3518 | D:4      | Reached skill level 5 in Shields
  3536 | D:4      | Reached skill level 5 in Long Blades
  4024 | D:4      | Reached XP level 7. HP: 60/60 MP: 6/6
  4188 | D:4      | Found an ancient bone altar of Kikubaaqudgha.
  4460 | D:5      | Entered Level 5 of the Dungeon
  4530 | D:5      | Noticed a kobold demonologist
  4533 | D:5      | Noticed a rust devil
  4539 | D:5      | Noticed a red devil
  4544 | D:5      | Noticed a soul eater
  4548 | D:5      | Killed a kobold demonologist
  4548 | D:5      | Reached ** piety under Okawaru
  4549 | D:5      | Reached skill level 5 in Fighting
  5194 | D:5      | Found a staircase to the Ecumenical Temple.
  5480 | D:5      | Reached skill level 1 in Invocations
  5480 | D:5      | Reached skill level 1 in Evocations
  5484 | D:5      | Found a shadowy altar of Dithmenos.
  5484 | D:5      | Found a radiant altar of Vehumet.
  5715 | D:5      | Reached XP level 8. HP: 56/68 MP: 7/7
  6578 | D:6      | Found a white marble altar of Elyvilon.
  6975 | D:6      | Reached *** piety under Okawaru
  7427 | D:6      | Noticed a troll
  7427 | D:6      | Noticed Eustachio
  7438 | D:6      | Killed a troll
  7440 | D:6      | Killed Eustachio
  7443 | D:6      | Reached XP level 9. HP: 59/75 MP: 7/10
  7641 | D:7      | Noticed a gargoyle
  7660 | D:7      | Killed from afar by a gargoyle

Illustrated notes

Levels and vault maps discovered:
D:1:      scummos_arrival_forest, layout_loops_ring, minmay_surrounded
D:2:      layout_basic, basic_ecumenical_altar, basic_altar, st_stairs_6,
          uniq_robin
D:3:      layout_loops_ring, mainiacjoe_overflow_chevrons,
          minmay_goblin_kobold_house, uniq_natasha
D:4:      layout_cave_pods, lemuel_zombie_altar_kikubaaqudgha,
          chequers_serial_rivers_micro_c, kennysheep_generic_room_8
D:5:      layout_layer_cave, grunt_temple_overflow_open,
          minmay_temple_entry_metal_lava
D:6:      layout_loops_corners, elyvilon_altar_3, grunt_ministairs_7,
          kennysheep_generic_room_13, uniq_eustachio
D:7:      layout_gridville, amcnicky_mini_corridor_feature

Skill      XL: |  1  2  3  4  5  6  7  8  9 |
---------------+----------------------------+-----
Shields        | 4 5 6 7 |  7.3
Fighting       | 4 5 |  5.8
Armour         | 4 5 6 7 |  7.6
Long Blades    | 3 4 5 6 7 |  7.0
Throwing       | 1 2 3 4 |  4.2
Invocations    | 1 3 |  3.4
Evocations     | 1 2 |  2.0

Action                   |  1- 3 |  4- 6 |  7- 9 || total
-------------------------+-------+-------+-------++-------
Melee: Long sword        |    98 |   182 |   141 ||   421
       Headbutt          |    14 |    35 |    32 ||    81
Throw: Dart              |     2 |     5 |     2 ||     9
       Javelin           |       |       |    25 ||    25
Invok: Heroism           |       |       |     3 ||     3
Evoke: Wand              |       |     2 |       ||     2
  Use: Scroll            |     2 |     2 |     3 ||     7
       Potion            |     2 |     1 |       ||     3
 Stab: Invisible         |       |       |     1 ||     1
Armor: Chain mail        |    47 |    64 |       ||   111
       Scale mail        |     1 |       |       ||     1
       Skin              |    16 |       |       ||    16
       Plate armour      |       |    38 |    75 ||   113
Dodge: Dodged            |    21 |    30 |    45 ||    96
Block: Kite shield       |    50 |   104 |    76 ||   230
       Rpst.: Long sword |     6 |     6 |    13 ||    25
